 Dungeon Crawl Stone Soup version 0.24.0-123-gd5b16e6ec5 (webtiles) character file.

Game seed: 6943313896237792584, levelgen mode: deterministic

952 Johnny the Poker (level 7, -5/61 HPs)
             Began as a Demigod Gladiator on Jan 22, 2020.
             Slain by an ogre
             ... wielding a +0 giant club
              (22 damage)
             ... on level 6 of the Dungeon.
             The game lasted 00:05:05 (4630 turns).

Johnny the Poker (Demigod Gladiator)                Turns: 4630, Time: 00:05:06

Health: -5/61      AC: 14    Str: 21    XL:     7   Next: 59%
Magic:  9/9        EV:  7    Int: 12    God:
Gold:   69         SH:  0    Dex: 17    Spells: 6/6 levels left

rFire    . . .     SeeInvis .   a - +0 trident
rCold    . . .     Gourm    .   (no shield)
rNeg     . . .     Faith    .   e - +0 plate armour
rPois    .         Spirit   .   x - +2 helmet
rElec    .         Reflect  .   v - +0 cloak
rCorr    .         Harm     .   (no gloves)
MR       .....                  (no boots)
Stlth    ..........             (no amulet)
HPRegen  0.20/turn              (no ring)
MPRegen  0.11/turn              (no ring)

@: no status effects
A: high mp 1
a: no special abilities


You were on level 6 of the Dungeon.
You were not hungry.

You visited 1 branch of the dungeon, and saw 6 of its levels.

You collected 251 gold pieces.
You spent 182 gold pieces at shops.

Inventory:

Hand Weapons
 a - a +0 trident (weapon)
Missiles
 d - 3 throwing nets (quivered)
Armour
 c - a +0 helmet
 e - a +0 plate armour (worn)
 v - a +0 cloak (worn)
 x - a +2 helmet (worn)
Jewellery
 n - an uncursed ring of ice
Scrolls
 g - a scroll of fear
 h - 3 scrolls of magic mapping
 j - a scroll of noise
 l - 2 scrolls of teleportation
 m - 2 scrolls of enchant weapon
 p - 2 scrolls of enchant armour
 q - 2 scrolls of immolation
 u - 4 scrolls of amnesia
 C - 2 scrolls of fog
Potions
 b - 4 potions of curing
 i - a potion of agility
 k - 2 potions of heal wounds
 o - 2 potions of degeneration
 s - a potion of mutation {unknown}
 t - a potion of invisibility {unknown}
 w - a potion of brilliance {unknown}
 z - a potion of ambrosia {unknown}
 B - a potion of might {unknown}
 D - a potion of magic {unknown}
 E - a potion of berserk rage
 F - a potion of flight
 G - a potion of lignification
Comestibles
 f - 6 rations


   Skills:
 + Level 5.0 Fighting
 * Level 7.3 Polearms
 - Level 1.7 Throwing
 - Level 2.6 Dodging


You had 6 spell levels left.
You didn't know any spells.
Your spell library was empty.

Dungeon Overview and Level Annotations

Branches:
Dungeon (6/15)
 Temple: D:4-7

Shops:
D:4 =   D:5 !

Annotations:
D:5 3 runed translucent doors, Chiseanne's ghost, novice DsWz; FishyPogo's ghost, novice DrTm; Mevorra's ghost, amateur CeWr; Ponchio's ghost, novice OpCj


Innate Abilities, Weirdness & Mutations

You have an increased reservoir of magic. (+10% MP)


Message History

The ogre is severely wounded.
The ogre barely misses you.
The adder skeleton bites you but does no damage.
You hit the ogre.
The ogre is severely wounded.
The ogre hits you with a +0 giant club!
* * * LOW HITPOINT WARNING * * *
The adder skeleton bites you but does no damage.
You barely miss the ogre.
The ogre is severely wounded.
The ogre hits you with a +0 giant club.
* * * LOW HITPOINT WARNING * * *
The adder skeleton barely misses you.
You barely miss the ogre.
The ogre is severely wounded.
The adder skeleton bites you but does no damage.
Your plate armour prevents you from hitting the ogre.
The ogre is severely wounded.
The ogre hits you with a +0 giant club!!
You die...

..###.<..
...#....##
..........
#......... #
#.........
..##.##.........
.....$ZO......#
#@...##
##....#...
#.)..>....
#......).....
#......[.....
#.##.........
... #.........
... ..........
... .#........


You could see an ogre and an adder skeleton.

Vanquished Creatures
  4 ogres
  A centaur (D:5)
  A howler monkey (D:4)
  4 crimson imps (D:5)
  A centaur zombie (D:5)
  2 hounds
  5 worker ants
  6 adders
  3 gnolls (D:5)
  2 worms (D:4)
  2 dart slugs
  A leopard gecko (D:2)
  9 orcs (D:3)
  A giant cockroach (D:5)
  4 goblins
  5 hobgoblins
  4 kobolds
  3 quokkas
  2 ball pythons
  4 bats
  2 frilled lizards
  A jackal skeleton (D:4)
  2 leopard gecko skeletons
  4 rats
73 creatures vanquished.

Vanquished Creatures (others)
  A withered plant (D:5)
1 creature vanquished.

Grand Total: 74 creatures vanquished

Notes
Turn   | Place    | Note
-------+----------+-------------------------------------------
     0 | D:1      | Johnny the Demigod Gladiator began the quest for the Orb.
     0 | D:1      | Reached XP level 1. HP: 17/17 MP: 3/3
   315 | D:1      | Reached skill level 3 in Polearms
   448 | D:1      | Reached XP level 2. HP: 24/24 MP: 4/4
  1288 | D:2      | Found a sparkling altar of Nemelex Xobeh.
  1410 | D:3      | Reached XP level 3. HP: 20/30 MP: 5/5
  2374 | D:3      | Reached skill level 4 in Polearms
  2374 | D:3      | Reached XP level 4. HP: 22/37 MP: 6/6
  2763 | D:4      | Noticed an ogre
  2771 | D:4      | Killed an ogre
  2771 | D:4      | Reached XP level 5. HP: 41/45 MP: 7/7
  2869 | D:4      | Found Romura's Jewellery Shoppe.
  2951 | D:4      | Reached skill level 5 in Polearms
  3693 | D:5      | Entered Level 5 of the Dungeon
  3702 | D:5      | Found a runed translucent gate.
  3702 | D:5      | Found a runed translucent gate.
  3702 | D:5      | Found a runed translucent gate.
  3702 | D:5      | Noticed Mevorra's ghost (amateur CeWr)
  3702 | D:5      | Noticed Ponchio's ghost (novice OpCj)
  3702 | D:5      | Noticed FishyPogo's ghost (novice DrTm)
  3702 | D:5      | Noticed Chiseanne's ghost (novice DsWz)
  3771 | D:5      | Reached XP level 6. HP: 44/52 MP: 8/8
  3829 | D:5      | Reached skill level 6 in Polearms
  3874 | D:5      | Reached XP level 7. HP: 32/60 MP: 9/9
  3954 | D:5      | Found Luoriqikh's Distillery.
  3964 | D:5      | Bought a potion of berserk rage for 65 gold pieces
  3964 | D:5      | Bought a potion of curing for 39 gold pieces
  3964 | D:5      | Bought a potion of flight for 39 gold pieces
  3964 | D:5      | Bought a potion of lignification for 39 gold pieces
  4062 | D:5      | Found a radiant altar of Vehumet.
  4263 | D:5      | Reached skill level 7 in Polearms
  4334 | D:6      | Reached skill level 5 in Fighting
  4630 | D:6      | Slain by an ogre

Levels and vault maps discovered:
D:1:      lemuel_arrival_behind_the_door_large, layout_basic,
          minmay_strange_pillars, hex_large
D:2:      layout_basic, first_ration, nemelex_spade_bored_becter
D:3:      layout_loops_ring
D:4:      layout_basic, serial_shops, nicolae_shop_window_shopping,
          serial_glass, glass_columns_b, glass_columns_c, glass_columns_a,
          glass_columns_a, glass_columns_a, glass_columns_a, glass_columns_a,
          glass_columns_b, glass_columns_a, glass_columns_a, glass_columns_a,
          glass_columns_a, glass_columns_a, glass_columns_a, minmay_hedge_maze
D:5:      layout_cave_pools, gammafunk_ghost_cemetery, serial_shops,
          kennysheep_mini, basic_altar
D:6:      layout_cave_pools, serial_shops, nicolae_shop_trees

Skill      XL: |  1  2  3  4  5  6  7 |
---------------+----------------------+-----
Fighting       | 2 3 4 5 |  5.0
Polearms       | 3 4 5 6 7 |  7.3
Throwing       | |  1.7
Dodging        | |  2.6

Action                   |  1- 3 |  4- 6 |  7- 9 || total
-------------------------+-------+-------+-------++-------
Melee: Trident           |   150 |   186 |    74 ||   410
Evoke: Wand              |       |     5 |     3 ||     8
  Use: Scroll            |     6 |     5 |     2 ||    13
       Potion            |     1 |       |       ||     1
 Stab: Paralysed         |       |    17 |    10 ||    27
  Eat: Chunk             |     3 |     1 |     1 ||     5
       Ration            |       |     2 |       ||     2
Armor: Plate armour      |    79 |    95 |    30 ||   204
       Leather armour    |     3 |       |       ||     3
Dodge: Dodged            |    33 |    46 |    21 ||   100
